 Dungeon Crawl Stone Soup version 0.15-a0-1309-g3520d71 (webtiles) character file.

128 Arvee the Covert (level 5, -14/35 HPs)
             Began as an Octopode Assassin on June 7, 2014.
             Killed by divine providence
             ... invoked by an orc priest
              (16 damage)
             ... on Level 3 of the Dungeon.
             The game lasted 00:04:24 (1837 turns).

Arvee the Covert (Octopode Assassin)                Turns: 1837, Time: 00:04:24

HP -14/35        AC  1     Str 10      XL: 5   Next: 12%
MP   5/5         EV 12     Int 14      God:
Gold 153         SH  0     Dex 14      Spells:  0 memorised,  4 levels left

rFire  . . .     SeeInvis .     u - +2,+0 dagger (freeze)
rCold  . . .     Clarity  .     (no shield)
rNeg   . . .     rCorr    .     (helmet restricted)
rPois  .         rRot     .     t - amulet of the gourmand
rElec  .         Spirit   .     (no ring)
SustAb .         Warding  .     (no ring)
rMut   .         Stasis   .     (no ring)
Gourm  +                        (no ring)
MR     .....                    (no ring)
                                (no ring)
                                (no ring)
                                (no ring)

@: not resistant to hostile enchantments, quite stealthy
A: almost no armour, amphibious, 8 rings, constrict 8, camouflage 1, gelatinous
body 1
a: no special abilities


You were on level 3 of the Dungeon.
You were not hungry.

You visited 1 branch of the dungeon, and saw 3 of its levels.

You collected 153 gold pieces.

Inventory:

Hand weapons
 a - a +2,+2 dagger
 b - a +0 blowgun
 u - a +2,+0 dagger of freezing (weapon)
Missiles
 e - 8 poisoned needles
 f - 2 curare-tipped needles
Comestibles
 g - 6 bread rations
 o - 2 fruits
 v - a chunk of ball python flesh
Scrolls
 c - a scroll of blinking {unknown}
 d - a scroll of fear {unknown}
 i - 3 scrolls of identify {unknown}
 j - 3 scrolls of teleportation {unknown}
 k - 3 scrolls of remove curse {unknown}
 m - a scroll of noise {unknown}
 n - a scroll of enchant weapon II {unknown}
Jewellery
 t - an amulet of the gourmand (around mantle)
Potions
 h - 3 potions of heal wounds {unknown}
 l - a potion of might {unknown}
 p - a potion of resistance {unknown}
 q - 2 potions of paralysis {unknown}
 r - a potion of curing {unknown}
 s - a potion of degeneration {unknown}


   Skills:
 - Level 2.4 Fighting
 - Level 2.2 Short Blades
 - Level 2.0 Throwing
 - Level 1.3 Dodging
 + Level 8.2 Stealth


You had 4 spell levels left.
You didn't know any spells.

Dungeon Overview and Level Annotations

Branches:
Dungeon (3/15)

Altars:
Gozag


Innate Abilities, Weirdness & Mutations

You cannot wear most types of armour.
You are amphibious.
You can wear up to eight rings at the same time.
You can use your tentacles to constrict many enemies at once.
Your skin changes colour to match your surroundings (Stealth).
Your rubbery body absorbs attacks (AC +1).


Message History

The orc closely misses you. The orc priest closely misses you.
You barely miss the orc priest.
The orc priest is moderately wounded.
You constrict the orc priest. The orc hits you.
* * * LOW HITPOINT WARNING * * *
The orc priest barely misses you.
You hit the orc priest. You freeze the orc priest.
The orc priest is heavily wounded.
You constrict the orc priest. The orc misses you. The orc priest hits you.
* * * LOW HITPOINT WARNING * * *
You hit the orc priest. You freeze the orc priest.
The orc priest is almost dead.
You constrict the orc priest. The orc barely misses you.
The orc priest calls down the wrath of Beogh upon you.
Pain shoots through your body!
* * * LOW HITPOINT WARNING * * *
You release your grip on the orc priest.
The orc priest mumbles some strange prayers to Beogh against you.
Something smites you!
You die...

# #.###.....#
#... #.#.#
#.###.### ####
#.#.# #.#.....#
#..$###.#.#.###
#.)...#.._..#
#.#######.#.#
#.#..##.....#
#.o.o.###.###
###.#.@...#
#.####### #.#
#.# #.# #.# #.#
#.# #..


You could see an orc priest and an orc.

Vanquished Creatures
  An orc wizard (D:3)
  Ijyb (D:2)
  4 adders
  A worm (D:2)
  A giant gecko (D:1)
  An orc (D:3)
  6 goblins
  7 hobgoblins
  3 jackals (D:1)
  A quokka (D:2)
  2 ball pythons (D:3)
  4 bats
  2 giant cockroaches
  6 giant newts
  3 kobolds (D:2)
  7 rats
50 creatures vanquished.

Notes
Turn   | Place    | Note
--------------------------------------------------------------
     0 | D:1      | Arvee, the Octopode Assassin, began the quest for the Orb.
     0 | D:1      | Reached XP level 1. HP: 14/14 MP: 1/1
   152 | D:1      | Reached XP level 2. HP: 12/19 MP: 2/2
   834 | D:2      | Reached skill level 6 in Stealth
   834 | D:2      | Reached XP level 3. HP: 16/25 MP: 3/3
  1173 | D:2      | Noticed Ijyb
  1181 | D:2      | Killed Ijyb
  1181 | D:2      | Reached skill level 7 in Stealth
  1181 | D:2      | Reached XP level 4. HP: 20/30 MP: 4/4
  1799 | D:3      | Found an opulent altar of Gozag.
  1823 | D:3      | Reached skill level 8 in Stealth
  1823 | D:3      | Reached XP level 5. HP: 35/35 MP: 5/5
  1830 | D:3      | HP: 1/35 [orc priest/nerve-wracking pain (4)]
  1837 | D:3      | Killed from afar by an orc priest

Action                   |  1- 3 |  4- 6 || total
-------------------------+-------+-------++-------
Melee: Dagger            |    73 |    33 ||   106
 Stab: Sleeping          |     7 |     8 ||    15
